 Dungeon Crawl Stone Soup version 0.29.1-15-g9cfb28693d (webtiles) character file.

Game seed: 476328404091181805

10601 MisterFreud the Nimble (level 11, -1/81 HPs)
             Began as a Felid Berserker on Apr 20, 2023.
             Was a Priest of Trog.
             Slain by an eight-headed hydra (12 damage)
             ... on level 2 of the Lair of Beasts.
             The game lasted 00:18:52 (17084 turns).

MisterFreud the Nimble (Felid Berserker)           Turns: 17084, Time: 00:18:52

Health: -1/81      AC:  2    Str: 13    XL:     11   Next: 38%
Magic:  12/12      EV: 28    Int: 10    God:    Trog [***...]
Gold:   1166       SH:  0    Dex: 19    Spells: 10/10 levels left
                                        Lives:  0   Deaths: 3

rFire   + . .      SeeInvis +     - Unarmed
rCold   . . .      Faith    +   (shield unavailable)
rNeg    . . .      Spirit   .   (body armour unavailable)
rPois   .          Reflect  .   (helmet unavailable)
rElec   .          Harm     .   (cloak unavailable)
rCorr   .          Rampage  .   (gloves unavailable)
Will    +++..                   (boots unavailable)
Stlth   ..........              f - amulet of faith
HPRegen 1.23/turn               z - ring of protection from fire
MPRegen 0.13/turn               (no ring)

@: berserking, strong-willed, regenerating, studying Unarmed Combat, very quick
A: very small, claws 1, fangs 3, see invisible, speed 1, shaggy fur 2, stealthy
paws, no weapons or thrown items, no armour, multi-lived
a: Renounce Religion, Berserk, Trog's Hand


You were on level 2 of the Lair of Beasts.
You worshipped Trog.
Trog was most pleased with you.
You visited 2 branches of the dungeon, and saw 13 of its levels.
You also visited: Bailey.

You collected 1166 gold pieces.

Inventory:

Jewellery
 f - an amulet of faith (around neck)
 l - an amulet of magic regeneration
 z - a ring of protection from fire (left paw)
Wands
 g - a wand of flame (6)
 p - a wand of light (4)
 w - a wand of iceblast (1)
Scrolls
 b - 6 scrolls of magic mapping
 e - a scroll of vulnerability
 j - 4 scrolls of teleportation
 n - 4 scrolls of fog
 q - 2 scrolls of fear
 s - a scroll of summoning
 u - a scroll of blinking
 B - 2 scrolls of identify
Potions
 a - a potion of might
 c - 4 potions of haste
 d - a potion of berserk rage
 h - 2 potions of resistance
 i - a potion of cancellation
 k - 6 potions of heal wounds
 m - 5 potions of mutation
 o - 4 potions of curing
 r - 2 potions of brilliance {unknown}
 x - 2 potions of flight {unknown}
 A - a potion of invisibility
Miscellaneous
 t - a piece from Xom's chessboard (15/15)
 v - a phantom mirror


   Skills:
 - Level 10.0 Fighting
 + Level 14.2 Dodging
 + Level 10.3 Stealth
 + Level 10.6 Unarmed Combat
 - Level 10.0 Evocations


You had 10 spell levels left.
You didn't know any spells.
Your spell library was empty.

Dungeon Overview and Level Annotations

Branches:
Dungeon (11/15)            Temple (0/1) D:6            Lair (2/5) D:8
  Snake (0/4) Lair:2       Bailey (visited)
  Swamp: Lair:2-3    Shoals: Lair:2-3       Orc: D:9-12

Altars:
Ashenzari
Dithmenos
Kikubaaqudgha
Ru
Uskayaw
Vehumet
Wu Jian
Xom

Shops:
D:1 (

Portals:
Trove: D:11 (show abyssal rune of Zot)

Annotations:
D:4 2 runed translucent doors, TrebMcFLY's ghost, amateur OpTm
D:6 1 runed translucent door, RitorJet's ghost, amateur MiFi


Innate Abilities, Weirdness & Mutations

You have sharp claws.
You have razor-sharp teeth.
You have supernaturally acute eyesight. (SInv)
You cover ground quickly. (Speed+)
You are covered in thick fur. (AC +2)
Your paws help you pounce on unaware monsters.
You are incapable of wielding weapons or throwing items.
You cannot wear armour.
You gain extra lives every three experience levels.


Message History

You closely miss the blink frog. You closely miss the blink frog.
The blink frog blinks!
The blink frog closely misses you.
The blink frog blinks!
You closely miss the blink frog. You bite the blink frog.
The blink frog is lightly wounded.
Unknown command.
A red film seems to cover your vision as you go berserk!
You feel yourself moving faster!
You feel mighty!
You can no longer call in reinforcements.
The eight-headed hydra roars!
The blink frog croaks.
The blink frog blinks!
The eight-headed hydra bites you! x3
The eight-headed hydra bites you. The eight-headed hydra misses you. x2
The eight-headed hydra closely misses you.
The eight-headed hydra barely misses you.
You barely miss the eight-headed hydra. You claw the eight-headed hydra!
You bite the eight-headed hydra!
The eight-headed hydra is moderately wounded.
You mangle the eight-headed hydra!!
The eight-headed hydra is heavily wounded.
The eight-headed hydra bites you. The eight-headed hydra bites you!
* * * LOW HITPOINT WARNING * * *
The eight-headed hydra misses you.
The eight-headed hydra completely misses you.
The eight-headed hydra closely misses you.
The eight-headed hydra bites you.
* * * LOW HITPOINT WARNING * * *
The eight-headed hydra barely misses you.
The eight-headed hydra completely misses you.
You scratch the eight-headed hydra.
The eight-headed hydra is severely wounded.
You scratch the eight-headed hydra.
The eight-headed hydra is severely wounded.
The eight-headed hydra completely misses you.
The eight-headed hydra barely misses you.
The eight-headed hydra bites you but does no damage.
The eight-headed hydra closely misses you.
The eight-headed hydra bites you!
* * * LOW HITPOINT WARNING * * *
The eight-headed hydra bites you!
You die...

~~~............#
..#
~~~~~.........F##
..~~~...........#
...~~~..........#
..?~~~..........#
>...~~)......F.##
..~.~~)........##
.~.~~~....F...FD##
..~~~.........F#@#
~~~~...........###
~~~P........†...#
.P.##.........F.#
... #.........D##
.. ..........F.#
##..........##
#...........#
#.......F..##


You could see an eight-headed hydra and 3 blink frogs.

Vanquished Creatures
  Gastronok (Lair:1)
  2 hydras
  A catoblepas (Lair:1)
  4 two-headed ogres
  Pikel (D:9)
  2 cyclopes (D:11)
  4 cane toads
  2 kobold demonologists
  2 unseen horrors (D:10)
  A rime drake (Lair:2)
  A komodo dragon (D:11)
  A troll (D:10)
  2 hornets
  2 blink frogs (Lair:2)
  13 yaks
  A wraith (D:11)
  2 wyverns (D:10)
  A shadow (D:11)
  A basilisk (Lair:1)
  4 fire bats (D:10)
  2 vampire mosquitoes (D:10)
  A steam dragon (D:6)
  2 nagas (Lair:2)
  2 water moccasins
  6 orc warriors
  A hell hound (D:10)
  A sky beast (D:7)
  2 ogres
  7 centaurs
  9 kobold brigands
  4 bullfrogs
  2 scorpions
  11 wights
  3 killer bees (D:7)
  5 howler monkeys
  2 lava snakes (D:10)
  2 hounds
  2 jellies
  11 orc priests
  Crazy Yiuf (D:5)
  A gnoll bouda (D:8)
  3 iguanas
  7 orc wizards
  8 adders
  4 gnolls (D:8)
  A white imp (D:6)
  An ufetubus (D:6)
  A dart slug (D:5)
  31 orcs
  10 bats
  5 endoplasms
  5 giant cockroaches
  17 goblins
  5 hobgoblins
  4 jackals (D:2)
  44 kobolds
  3 quokkas
  8 ball pythons
  A frilled lizard (D:3)
  8 rats
  3 fire vortices (D:10)
294 creatures vanquished.

Vanquished Creatures (collateral kills)
  An orc warlord (Bailey)
1 creature vanquished.

Vanquished Creatures (others)
  A human (D:5)
  A kobold (D:10)
  A bush (D:8)
  2 fungi (Lair:2)
  2 plants (Lair:2)
7 creatures vanquished.

Grand Total: 302 creatures vanquished

Notes
Turn   | Place    | Note
-------+----------+-------------------------------------------
     0 | D:1      | MisterFreud the Felid Berserker began the quest for the
                  | Orb.
     0 | D:1      | Reached XP level 1. HP: 10/10 MP: 2/2
    49 | D:1      | Reached skill level 1 in Stealth
   227 | D:1      | Reached XP level 2. HP: 14/14 MP: 3/3
   231 | D:1      | Found Xiohig's Weapon Shop.
   416 | D:1      | Reached ** piety under Trog
  1237 | D:2      | Reached XP level 3. HP: 10/17 MP: 4/4
  1464 | D:2      | Found a faded altar of an unknown god.
  1891 | D:2      | Reached XP level 4. HP: 21/21 MP: 5/5
  2555 | D:4      | Reached *** piety under Trog
  2773 | D:4      | Reached XP level 5. HP: 14/24 MP: 6/6
  2949 | D:4      | Found a runed translucent door.
  3008 | D:4      | Reached skill level 5 in Stealth
  3146 | D:4      | Found a runed translucent door.
  3182 | D:4      | Noticed TrebMcFLY's ghost (amateur OpTm)
  3660 | D:5      | Entered Level 5 of the Dungeon
  3677 | D:5      | Reached skill level 5 in Unarmed Combat
  3990 | D:5      | HP: 1/24 [poisoned by an adder]
  4202 | D:5      | Noticed a centaur
  4211 | D:5      | Killed a centaur
  4212 | D:5      | Gained mutation: You are covered in thick fur. (AC +2)
                  | [Felid growth]
  4212 | D:5      | Reached XP level 6. HP: 11/28 MP: 7/7
  4763 | D:5      | Found an ancient bone altar of Kikubaaqudgha.
  4766 | D:5      | Noticed a human
  4770 | D:5      | Killed a human
  4861 | D:5      | Reached skill level 5 in Dodging
  4861 | D:5      | Reached XP level 7. HP: 31/31 MP: 8/8
  4909 | D:5      | Found a runed translucent door.
  4910 | D:5      | Noticed Crazy Yiuf
  5004 | D:5      | Killed Crazy Yiuf
  5120 | D:6      | Reached skill level 6 in Dodging
  5405 | D:6      | Found a runed translucent door.
  5405 | D:6      | Noticed RitorJet's ghost (amateur MiFi)
  5406 | D:6      | Noticed a slime creature
  5499 | D:6      | Reached skill level 7 in Dodging
  5597 | D:6      | Noticed a steam dragon
  5768 | D:6      | Killed a steam dragon
  5769 | D:6      | Reached skill level 8 in Dodging
  5980 | D:6      | Reached skill level 9 in Dodging
  6144 | D:6      | Found a staircase to the Ecumenical Temple.
  6291 | D:6      | Reached XP level 8. HP: 34/34 MP: 9/9
  6302 | D:6      | Reached skill level 10 in Dodging
  6762 | D:7      | Found a radiant altar of Vehumet.
  6820 | D:7      | Found a sacrificial altar of Ru.
  7166 | D:7      | Found an ornate altar of the Wu Jian Council.
  7169 | D:7      | Found a hide-covered altar of Uskayaw.
  7171 | D:7      | Found a shimmering altar of Xom.
  7171 | D:7      | Found a broken altar of Ashenzari.
  7324 | D:7      | Reached skill level 5 in Fighting
  7984 | D:7      | Noticed a two-headed ogre
  7992 | D:7      | Killed a two-headed ogre
  7993 | D:7      | Reached XP level 9. HP: 34/41 MP: 10/10
  8258 | D:8      | Reached skill level 11 in Dodging
  8576 | D:8      | Found a shadowy altar of Dithmenos.
  8767 | D:8      | HP: 2/61 [orc wizard/puff of flame (11)]
  8768 | D:8      | Killed from afar by an orc wizard
  8769 | D:8      | Reached XP level 8. HP: -4/57 MP: 9/9
  8814 | D:8      | Noticed a two-headed ogre
  8886 | D:8      | Reached **** piety under Trog
  9134 | D:8      | Found a staircase to the Lair.
  9149 | D:8      | Killed a two-headed ogre
  9150 | D:8      | Reached skill level 12 in Dodging
  9150 | D:8      | Reached XP level 9. HP: 34/41 MP: 10/10
  9748 | D:9      | Reached skill level 10 in Stealth
  9911 | D:9      | Noticed an eight-headed hydra
  9917 | D:9      | Killed an eight-headed hydra
 10154 | D:9      | You fall into a shaft and drop 1 floor!
 10154 | D:10     | Entered Level 10 of the Dungeon
 10200 | D:10     | Reached skill level 10 in Unarmed Combat
 10200 | D:10     | Reached XP level 10. HP: 19/45 MP: 11/11
 10368 | D:10     | Found a flagged portal.
 10381 | Bailey   | Entered a bailey
 10418 | Bailey   | Noticed an orc warlord
 10774 | Bailey   | Found a runed translucent gate.
 10782 | Bailey   | Found a runed translucent gate.
 10783 | Bailey   | Found a runed translucent gate.
 10856 | Bailey   | Killed an orc warlord
 11017 | Bailey   | Acquired 395 gold pieces
 11106 | D:10     | Reached skill level 1 in Evocations
 11323 | D:9      | Noticed Pikel
 11333 | D:9      | Killed Pikel
 12299 | D:9      | Reached XP level 11. HP: 53/53 MP: 12/12
 12803 | D:10     | Reached skill level 10 in Fighting
 13179 | D:10     | Identified the +3 dagger of Chaos {vorpal, rPois}
 13209 | D:10     | Noticed a sun demon
 13225 | D:10     | Slain by an ice devil
 13226 | D:10     | Reached XP level 10. HP: -3/51 MP: 11/11
 13496 | D:10     | Reached skill level 5 in Evocations
 13771 | D:11     | Found a portal to a secret trove of treasure.
 13826 | D:11     | Noticed a two-headed ogre
 13828 | D:11     | Killed a two-headed ogre
 13842 | D:11     | Noticed a cyclops
 13850 | D:11     | Slain by a cyclops
 13851 | D:11     | Reached XP level 9. HP: -3/46 MP: 10/10
 13997 | D:11     | Noticed a kobold demonologist
 14008 | D:11     | Noticed an orange demon
 14022 | D:11     | Killed a kobold demonologist
 14072 | D:11     | Killed a cyclops
 14073 | D:11     | Reached XP level 10. HP: 42/51 MP: 11/11
 14357 | D:11     | Noticed a two-headed ogre
 14369 | D:11     | Killed a two-headed ogre
 14599 | D:11     | Noticed a cyclops
 14608 | D:11     | Killed a cyclops
 15234 | Lair:1   | Entered Level 1 of the Lair of Beasts
 15234 | Lair:1   | Noticed a five-headed hydra
 15240 | Lair:1   | Killed a five-headed hydra
 15241 | Lair:1   | Reached skill level 10 in Evocations
 15368 | Lair:1   | Noticed Gastronok
 15386 | Lair:1   | Killed Gastronok
 15472 | Lair:1   | Noticed a cane toad
 15486 | Lair:1   | Killed a cane toad
 15487 | Lair:1   | Reached skill level 13 in Dodging
 15529 | Lair:1   | Noticed a cane toad
 15537 | Lair:1   | Killed a cane toad
 15538 | Lair:1   | Reached XP level 11. HP: 54/54 MP: 12/12
 15881 | Lair:1   | Noticed a catoblepas
 15898 | Lair:1   | Killed a catoblepas
 16361 | Lair:1   | Acquired a manual of Unarmed Combat
 16400 | Lair:2   | Reached skill level 14 in Dodging
 16422 | Lair:2   | Noticed a five-headed hydra
 16892 | Lair:2   | Found a staircase to the Snake Pit.
 17058 | Lair:2   | Noticed an eight-headed hydra
 17084 | Lair:2   | Slain by an eight-headed hydra

Illustrated notes

Levels and vault maps discovered:
D:1:      heliophobic_arrival_battle_scene, layout_loops_ring, serial_shops,
          nicolae_shop_statue_plus, minmay_misc_feat_columns
D:2:      layout_rooms, shapermc_ecumenical_altar_totnotflames,
          minmay_pentomino_z4
D:3:      layout_basic
D:4:      layout_gridville, ebering_ghost_sewer_f
D:5:      layout_basic, tgw_kikubaaqudgha, serial_corexii_hall,
          corexii_hall_statues_s, chequers_hall_statues_wall_a,
          corexii_hall_statues_i, chequers_hall_statues_corner_a,
          corexii_hall_statues_t, chequers_hall_statues_wall_a,
          uniq_crazy_yiuf_cottage
D:6:      layout_basic, minmay_temple_entry_junction_2,
          ebering_ghost_inner_flame, serial_bayou_pond_d
D:7:      layout_loops_ring, vehumet_crystals, nicolae_ru_the_path_less_chosen,
          grunt_temple_overflow_open, serial_glass, glass_columns_a,
          glass_columns_a, feat_on_display, due_unseen_surprise,
          feat_on_display, item_on_display_a, grunt_ministairs_12, minivault_27,
          minmay_misc_feat_x
D:8:      layout_basic, mainiacjoe_overflow_surrounded_room, lair_entry_dummy,
          grunt_ogre_cave, minmay_hedge_maze
D:9:      layout_grid_maze, uniq_pikel
D:10:     layout_small_grid, enter_bailey_3, hangedman_incinerator
D:11:     layout_stronghold, enter_trove_1
Lair:1:   layout_hall_layers, serial_bayou_lake_a, uniq_gastronok
Lair:2:   layout_big_grid, minmay_shoals_entry_lonely_mermaid,
          guppyfry_snake_entry_island

Skill      XL: |  1  2  3  4  5  6  7  8  9 10 11 |
---------------+----------------------------------+-----
Stealth        | 1 2 3 4 6 9 10 | 10.3
Unarmed Combat | 4 5 6 8 10 | 10.6
Dodging        | 5 9 12 11 13 14 | 14.2
Fighting       | 6 9 10 | 10.0
Evocations     | 8 10 4 | 10.0

Action                   |  1- 3 |  4- 6 |  7- 9 | 10-12 || total
-------------------------+-------+-------+-------+-------++-------
Melee: Unarmed           |   118 |   101 |   393 |   341 ||   953
       Bite              |     8 |    14 |    46 |    47 ||   115
       Punch             |     2 |     2 |    18 |    30 ||    52
Invok: Trog's Hand       |     1 |       |     2 |     9 ||    12
       Berserk           |       |     1 |    14 |    11 ||    26
       Brothers in Arms  |       |       |       |     1 ||     1
Evoke: Wand              |       |       |       |     2 ||     2
  Use: Scroll            |     6 |     5 |     6 |     8 ||    25
       Potion            |       |     1 |     1 |       ||     2
 Stab: Sleeping          |     8 |    10 |    13 |    26 ||    57
       Distracted        |     1 |       |       |     1 ||     2
Armor: Skin              |     7 |     4 |    22 |     4 ||    37
Dodge: Dodged            |   101 |    82 |   413 |   276 ||   872
